3AAA
SIOUX FALLS RED PANDAS @ TORTOLITA DRUMMERS
06/17/2034
 
TOP OF THE 1ST
Sioux Falls Red Pandas batting - Pitching for Tortolita Drummers : RHP Cisco Pérez
Pitching: RHP Cisco Pérez
Batting: SHB Kilipaki Malamapono 0-0: Foul Ball, location: 2F
0-1: Foul Ball, location: 2F
0-2: Strikes out looking
Batting: RHB Steve Irwin 0-0: Ball
1-0: Swinging Strike
1-1: Swinging Strike
1-2: Ball
2-2: Strikes out swinging
Batting: LHB Richello Mabait 0-0: Ball
1-0: Foul Ball, location: 2F
1-1: SINGLE (Line Drive, 56D)
Batting: LHB Adrian McCoy 0-0: Ball
1-0: Foul Ball, location: 2F
1-1: Ball
2-1: Foul Ball, location: 2F
2-2: Strikes out swinging
Top of the 1st over - 0 runs, 1 hit, 0 errors, 1 left on base; Sioux Falls 0 - Tortolita 0
BOTTOM OF THE 1ST
Tortolita Drummers batting - Pitching for Sioux Falls Red Pandas : RHP Domingo Velasco
Pitching: RHP Domingo Velasco
Batting: RHB Askari bin Idris 0-0: Called Strike
0-1: Ball
1-1: Foul Ball, location: 2F
1-2: Foul Ball, location: 2F
1-2: SINGLE (Flyball, 9S)
Batting: RHB Colby King 0-0: Called Strike
0-1: Ball
1-1: Ball
2-1: Swinging Strike
2-2: Strikes out looking
Batting: RHB Jesús Martínez Pickoff Throw to First - Error! E1
Askari bin Idris to second
0-0: Called Strike
0-1: Ball
1-1: Called Strike
1-2: SINGLE (Groundball, 5) (infield hit)
Askari bin Idris to third
Batting: LHB Glen Allen Mixon 0-0: Fly out, F9 (Flyball, 9LDF)
Runner from 3rd tags up, SCORES, no throw
Batting: RHB Rich Flannery 0-0: Foul Ball, location: 2F
0-1: Ball
1-1: Ball
2-1: Ball
3-1: Base on Balls
Jesús Martínez to second
Batting: RHB Tomás Costello 0-0: Called Strike
0-1: Ground out 4-3 (Groundball, 34)
Bottom of the 1st over - 1 run, 2 hits, 1 error, 2 left on base; Sioux Falls 0 - Tortolita 1
TOP OF THE 2ND
Sioux Falls Red Pandas batting - Pitching for Tortolita Drummers : RHP Cisco Pérez
Batting: RHB Gary Chalmers 0-0: Foul Ball, location: 2F
0-1: Ball
1-1: Foul Ball, location: 2F
1-2: Strikes out swinging
Batting: LHB Roberto Sánchez 0-0: Ball
1-0: Ball
2-0: Hit by Pitch
Batting: RHB Miguel Morán 0-0: Called Strike
0-1: Called Strike
0-2: Ball
1-2: Fly out, F6 (Line Drive, 6)
Batting: LHB Jorge Vélez 0-0: Called Strike
0-1: Called Strike
0-2: Fly out, F9 (Flyball, 9S)
Top of the 2nd over - 0 runs, 0 hits, 0 errors, 1 left on base; Sioux Falls 0 - Tortolita 1
BOTTOM OF THE 2ND
Tortolita Drummers batting - Pitching for Sioux Falls Red Pandas : RHP Domingo Velasco
Batting: RHB Dave Sienna 0-0: Called Strike
0-1: Hit by Pitch
Batting: RHB Otis Brewer 0-0: Ball
1-0: Foul Ball, location: 2F
1-1: Ball
2-1: Grounds into double play, 6-4-3 (Groundball, 6)
Batting: RHB Mun-wah Law 0-0: Swinging Strike
0-1: Foul Ball, location: 2F
0-2: Foul Ball, location: 2F
0-2: Ground out 4-3 (Groundball, 4)
Bottom of the 2nd over - 0 runs, 0 hits, 0 errors, 0 left on base; Sioux Falls 0 - Tortolita 1
TOP OF THE 3RD
Sioux Falls Red Pandas batting - Pitching for Tortolita Drummers : RHP Cisco Pérez
Batting: RHB Wilfred McLaughlin 0-0: Ball
1-0: Ball
2-0: Ball
3-0: Base on Balls
Batting: SHB Kilipaki Malamapono 0-0: Fly out, F6 (Popup, 6M)
Batting: RHB Steve Irwin 0-0: Foul Ball, location: 2F
0-1: Ball
1-1: Foul Ball, location: 2F
1-2: Ball
2-2: Grounds into double play, 4-6-3 (Groundball, 4)
Top of the 3rd over - 0 runs, 0 hits, 0 errors, 0 left on base; Sioux Falls 0 - Tortolita 1
BOTTOM OF THE 3RD
Tortolita Drummers batting - Pitching for Sioux Falls Red Pandas : RHP Domingo Velasco
Batting: RHB Askari bin Idris 0-0: Ball
1-0: Foul Ball, location: 2F
1-1: Foul Ball, location: 2F
1-2: Ground out 5-3 (Groundball, 56)
Batting: RHB Colby King 0-0: Ball
1-0: Foul Ball, location: 2F
1-1: SINGLE (Groundball, 6D) (infield hit)
Batting: RHB Jesús Martínez 0-0: Fielders Choice at 2nd, 1-6 (Groundball, 13S)
Batting: LHB Glen Allen Mixon 0-0: Called Strike
0-1: Ball
1-1: Foul Ball, location: 2F
1-2: Ball
2-2: Fly out, F4 (Line Drive, 34)
Bottom of the 3rd over - 0 runs, 1 hit, 0 errors, 1 left on base; Sioux Falls 0 - Tortolita 1
TOP OF THE 4TH
Sioux Falls Red Pandas batting - Pitching for Tortolita Drummers : RHP Cisco Pérez
Batting: LHB Richello Mabait 0-0: Ball
1-0: Foul Ball, location: 2F
1-1: Fly out, F6 (Popup, 6)
Batting: LHB Adrian McCoy 0-0: Ground out U3 (Groundball, 3L)
Batting: RHB Gary Chalmers 0-0: Foul Ball, location: 2F
0-1: Swinging Strike
0-2: Ball
1-2: Foul Ball, location: 2F
1-2: Ball
2-2: Strikes out looking
Top of the 4th over - 0 runs, 0 hits, 0 errors, 0 left on base; Sioux Falls 0 - Tortolita 1
BOTTOM OF THE 4TH
Tortolita Drummers batting - Pitching for Sioux Falls Red Pandas : RHP Domingo Velasco
Batting: RHB Rich Flannery 0-0: Fly out, F9 (Flyball, 9LD)
Batting: RHB Tomás Costello 0-0: Called Strike
0-1: Foul Ball, location: 2F
0-2: SINGLE (Flyball, 7S)
Batting: RHB Dave Sienna 0-0: SINGLE (Groundball, 25) (infield hit)
Tomás Costello to second
Batting: RHB Otis Brewer 0-0: Foul Ball, location: 2F
0-1: Fielders Choice at 2nd, 5-4 (Groundball, 5)
Tomás Costello to third
Batting: RHB Mun-wah Law 0-0: DOUBLE (Line Drive, 7LD)
Tomás Costello scores
Otis Brewer to third
Runner from 3rd tries for Home, SAFE, no throw
Batting: RHB Askari bin Idris 0-0: Called Strike
0-1: Called Strike
0-2: Ball
1-2: Fly out, F7 (Flyball, 7S)
Bottom of the 4th over - 2 runs, 3 hits, 0 errors, 1 left on base; Sioux Falls 0 - Tortolita 3
TOP OF THE 5TH
Sioux Falls Red Pandas batting - Pitching for Tortolita Drummers : RHP Cisco Pérez
Batting: LHB Roberto Sánchez 0-0: Foul Ball, location: 2F
0-1: Ball
1-1: Ball
2-1: Called Strike
2-2: Strikes out swinging
Batting: RHB Miguel Morán 0-0: Ball
1-0: SINGLE (Line Drive, 4D)
Batting: LHB Jorge Vélez 0-0: Ball
1-0: Foul Ball, location: 2F
1-1: Ball
Miguel Morán is caught stealing 2nd base
2-1: Ball
3-1: Swinging Strike
3-2: Foul Ball, location: 2F
3-2: Strikes out swinging
Top of the 5th over - 0 runs, 1 hit, 0 errors, 0 left on base; Sioux Falls 0 - Tortolita 3
BOTTOM OF THE 5TH
Tortolita Drummers batting - Pitching for Sioux Falls Red Pandas : RHP Domingo Velasco
Batting: RHB Colby King 0-0: Called Strike
0-1: Ball
1-1: Ball
2-1: Ball
3-1: SINGLE (Groundball, 6MD)
Pitching: RHP Woodward Haberdash
Batting: RHB Jesús Martínez 0-0: Ball
1-0: Ball
2-0: Ball
3-0: Base on Balls
Colby King to second
Batting: LHB Glen Allen Mixon 0-0: Ball
1-0: Ball
2-0: Called Strike
2-1: Foul Ball, location: 2F
2-2: Foul Ball, location: 2F
2-2: Foul Ball, location: 2F
2-2: Fly out, F8 (Line Drive, 8RD)
Batting: RHB Rich Flannery 0-0: Called Strike
0-1: Ball
1-1: Ball
2-1: Foul Ball, location: 2F
2-2: Ball
3-2: Base on Balls
Colby King to third
Jesús Martínez to second
Batting: RHB Tomás Costello 0-0: Swinging Strike
0-1: Called Strike
0-2: Ball
1-2: DOUBLE (Line Drive, 9LM)
Colby King scores
Jesús Martínez scores
Rich Flannery to third
Batting: RHB Dave Sienna 0-0: Called Strike
0-1: Ground out 6-3 (Groundball, 6)
Rich Flannery scores
Tomás Costello to third
Batting: RHB Otis Brewer 0-0: Ball
1-0: Reached on error, E5 (Groundball, 56S)
Tomás Costello scores
Batting: RHB Mun-wah Law 0-0: Foul Ball, location: 2F
0-1: Called Strike
0-2: Ball
1-2: Foul Ball, location: 2F
1-2: Strikes out looking
Bottom of the 5th over - 4 runs, 2 hits, 1 error, 1 left on base; Sioux Falls 0 - Tortolita 7
TOP OF THE 6TH
Sioux Falls Red Pandas batting - Pitching for Tortolita Drummers : RHP Cisco Pérez
Batting: RHB Wilfred McLaughlin 0-0: Foul Ball, location: 2F
0-1: Ball
1-1: Ball
2-1: Called Strike
2-2: Strikes out swinging
Batting: SHB Kilipaki Malamapono 0-0: Called Strike
0-1: Swinging Strike
0-2: Ball
1-2: Strikes out swinging
Batting: RHB Steve Irwin 0-0: Called Strike
0-1: Called Strike
0-2: Foul Ball, location: 2F
0-2: Strikes out looking
Top of the 6th over - 0 runs, 0 hits, 0 errors, 0 left on base; Sioux Falls 0 - Tortolita 7
BOTTOM OF THE 6TH
Tortolita Drummers batting - Pitching for Sioux Falls Red Pandas : RHP Woodward Haberdash
Batting: RHB Askari bin Idris 0-0: Ball
1-0: Called Strike
1-1: Ball
2-1: Swinging Strike
2-2: Strikes out swinging
Batting: RHB Colby King 0-0: Ball
1-0: Called Strike
1-1: Ball
2-1: Ball
3-1: Swinging Strike
3-2: Strikes out swinging
Batting: RHB Jesús Martínez 0-0: Called Strike
0-1: Ball
1-1: Foul Ball, location: 2F
1-2: Ball
2-2: Ball
3-2: Fly out, F1 (Line Drive, 15)
Bottom of the 6th over - 0 runs, 0 hits, 0 errors, 0 left on base; Sioux Falls 0 - Tortolita 7
TOP OF THE 7TH
Sioux Falls Red Pandas batting - Pitching for Tortolita Drummers : RHP Cisco Pérez
Batting: LHB Richello Mabait 0-0: Ball
1-0: Ball
2-0: Ball
3-0: Base on Balls
Batting: LHB Adrian McCoy 0-0: Called Strike
0-1: Ball
1-1: Called Strike
1-2: Foul Ball, location: 2F
1-2: Fly out, F8 (Flyball, 8LM)
Batting: RHB Gary Chalmers 0-0: Called Strike
0-1: Ball
1-1: Ball
2-1: SINGLE (Line Drive, 7S)
Richello Mabait to second
Batting: LHB Roberto Sánchez 0-0: Called Strike
0-1: Fielders Choice at 2nd, 4-6 (Groundball, 34D)
Richello Mabait to third
Batting: RHB Miguel Morán 0-0: Foul Ball, location: 2F
0-1: Ball
Roberto Sánchez steals 2nd base
1-1: Ball
2-1: 3-RUN HOME RUN (Flyball, 7LD), Distance : 330 ft
Batting: LHB Jorge Vélez 0-0: Ball
1-0: Swinging Strike
1-1: Foul Ball, location: 2F
1-2: Ball
2-2: Strikes out swinging
Top of the 7th over - 3 runs, 2 hits, 0 errors, 0 left on base; Sioux Falls 3 - Tortolita 7
BOTTOM OF THE 7TH
Tortolita Drummers batting - Pitching for Sioux Falls Red Pandas : RHP Woodward Haberdash
Batting: LHB Glen Allen Mixon 0-0: Called Strike
0-1: Ball
1-1: Foul Ball, location: 2F
1-2: Foul Ball, location: 2F
1-2: Ground out 4-3 (Groundball, 4)
Batting: RHB Rich Flannery 0-0: Called Strike
0-1: Ball
1-1: Called Strike
1-2: Ball
2-2: Ball
3-2: Strikes out swinging
Batting: RHB Tomás Costello 0-0: Ball
1-0: Called Strike
1-1: Ball
2-1: Called Strike
2-2: Ball
3-2: Base on Balls
Pitching: RHP Cris Herrera
Batting: RHB Dave Sienna 0-0: Called Strike
0-1: Ball
1-1: Swinging Strike
1-2: Foul Ball, location: 2F
1-2: Foul Ball, location: 2F
1-2: Strikes out swinging
Bottom of the 7th over - 0 runs, 0 hits, 0 errors, 1 left on base; Sioux Falls 3 - Tortolita 7
TOP OF THE 8TH
Sioux Falls Red Pandas batting - Pitching for Tortolita Drummers : RHP Cisco Pérez
Pitching: RHP Pedro Figueroa
Batting: RHB Wilfred McLaughlin 0-0: Foul Ball, location: 2F
0-1: Ball
1-1: Ball
2-1: Ball
3-1: Base on Balls
Batting: SHB Kilipaki Malamapono 0-0: Swinging Strike
0-1: Swinging Strike
0-2: Strikes out swinging
Batting: RHB Steve Irwin 0-0: Ball
1-0: Ball
2-0: Foul Ball, location: 2F
2-1: Ball
3-1: Swinging Strike
3-2: Strikes out looking
Wilfred McLaughlin steals 2nd base
Batter strikes out.
Batting: LHB Richello Mabait 0-0: Foul Ball, location: 2F
0-1: Ball
1-1: Ball
2-1: Called Strike
2-2: 2-RUN HOME RUN (Line Drive, 7LD), Distance : 353 ft
Batting: LHB Adrian McCoy 0-0: Ball
1-0: SINGLE (Line Drive, 6)
Batting: RHB Gary Chalmers 0-0: Ball
1-0: Swinging Strike
1-1: Fly out, F7 (Flyball, 78D)
Top of the 8th over - 2 runs, 2 hits, 0 errors, 1 left on base; Sioux Falls 5 - Tortolita 7
BOTTOM OF THE 8TH
Tortolita Drummers batting - Pitching for Sioux Falls Red Pandas : RHP Cris Herrera
Batting: RHB Otis Brewer 0-0: SOLO HOME RUN (Flyball, 7D), Distance : 366 ft
Batting: RHB Mun-wah Law 0-0: Called Strike
0-1: Ball
1-1: Foul Ball, location: 2F
1-2: Ball
2-2: Ball
3-2: Strikes out looking
Batting: RHB Askari bin Idris 0-0: Ball
1-0: Foul Ball, location: 2F
1-1: Ball
2-1: Ball
3-1: Foul Ball, location: 2F
3-2: Strikes out swinging
Batting: RHB Colby King 0-0: Called Strike
0-1: Ball
1-1: Called Strike
1-2: Ground out 6-3 (Groundball, 6S)
Bottom of the 8th over - 1 run, 1 hit, 0 errors, 0 left on base; Sioux Falls 5 - Tortolita 8
TOP OF THE 9TH
Sioux Falls Red Pandas batting - Pitching for Tortolita Drummers : RHP Pedro Figueroa
Pitching: RHP Briggs Bourgeois
Batting: LHB Roberto Sánchez 0-0: Ball
1-0: Foul Ball, location: 2F
1-1: Ball
2-1: Fly out, F8 (Flyball, 8RXD)
Batting: RHB Miguel Morán 0-0: Ball
1-0: Called Strike
1-1: Ground out 6-3 (Groundball, 6M)
Batting: LHB Jorge Vélez 0-0: Ball
1-0: Ball
2-0: Ball
3-0: Base on Balls
Batting: RHB Wilfred McLaughlin 0-0: Foul Ball, location: 2F
0-1: Ball
1-1: Ball
2-1: Foul Ball, location: 2F
2-2: Foul Ball, location: 2F
2-2: Strikes out swinging
Top of the 9th over - 0 runs, 0 hits, 0 errors, 1 left on base; Sioux Falls 5 - Tortolita 8
Friday, March 29th, 2019 - OOTP Baseball 18.8 Build 76